[Event "Titled Tuesday Blitz July 05 Late 2022"]
[White "Guz, Ari"]
[Black "Ahn, Hongjin"]
[WhiteFideId "2825759"]
[BlackFideId "13201492"]
[WhiteElo "1913"]
[BlackElo "1873"]
[Result "1-0"]
[Round "03"]
[TimeControl "180+1"]
[Date "2022.07.06"]
[WhiteClock "0:00:42"]
[BlackClock "0:00:31"]

1. e4 c5 2. Nf3 e6 3. c3 d5 4. exd5 Qxd5 5. d4 Nf6 6. Be3 Be7 7. dxc5 Qxd1+ 8. Kxd1 Nbd7 9. b4 Ng4 10. Nbd2 Nxe3+ 11. fxe3 Bf6 12. Ne4 a5 13. a3 Ke7 14. Nxf6 gxf6 15. Bb5 Rg8 16. g3 Rg4 17. Kc2 e5 18. Be2 Nb8 19. Nd2 Rg8 20. Nc4 a4 21. Nb6 Ra7 22. Rad1 Be6 23. Nd5+ Bxd5 24. Rxd5 Rd8 25. Rxd8 Kxd8 26. Rd1+ Ke7 27. Bd3 h6 28. Bf5 Ra6 29. c4 Rc6 30. Rd5 Rc7 31. b5 h5 32. Kc3 Nd7 33. Bxd7 Rxd7 34. e4 Rc7 35. Kb4 Rc8 36. Kxa4 h4 37. gxh4 Rh8 38. c6 bxc6 39. bxc6 Ra8+ 40. Kb4 Rb8+ 41. Kc5 Ra8 42. c7 Rc8 1-0


[Site "https://www.chess.com"]

[Event "Titled Tuesday Blitz July 05 Late 2022"]
[White "Holt, Conrad"]
[Black "Kalashian, David"]
[WhiteFideId "2034387"]
[BlackFideId "13302418"]
[WhiteElo "2586"]
[BlackElo "2490"]
[Result "1-0"]
[Round "03"]
[TimeControl "180+1"]
[Date "2022.07.05"]
[WhiteClock "0:00:15"]
[BlackClock "0:00:02"]

1. d4 Nf6 2. c4 g6 3. Nc3 Bg7 4. e4 d6 5. Nf3 Bg4 6. Be2 Nfd7 7. Ng1 Bxe2 8. Ngxe2 O-O 9. O-O e5 10. Be3 Nc6 11. d5 Ne7 12. b4 f5 13. f3 f4 14. Bf2 g5 15. c5 Ng6 16. c6 Nf6 17. cxb7 Rb8 18. Nb5 Rxb7 19. Nxa7 g4 20. Nc6 Qd7 21. Kh1 h5 22. Qd3 h4 23. fxg4 Nxg4 24. Bg1 Nf6 25. Rf3 Nh7 26. Qa6 Rbb8 27. Nxb8 Rxb8 28. Qc4 Ng5 29. Rc3 h3 30. gxh3 f3 31. Ng3 Qxh3 32. Rc2 Nf4 33. Be3 Ng2 34. Bxg5 Kh7 35. Qf1 Rf8 36. Rxc7 Kg6 37. Bd2 Rh8 38. Rxg7+ Kxg7 39. Nf5+ Kf7 40. Nh6+ Kg6 41. Qf2 Rxh6 42. Bxh6 Kxh6 43. Rg1 Nf4 44. Qg3 Qe6 45. Qg5+ Kh7 46. Qg7# 1-0


[Site "https://www.chess.com"]

[Event "Titled Tuesday Blitz July 05 Late 2022"]
[White "Ibarra Jerez, Jose Carlos"]
[Black "Jaracz, Pawel"]
[WhiteFideId "2226332"]
[BlackFideId "1102222"]
[WhiteElo "2628"]
[BlackElo "2459"]
[Result "1/2-1/2"]
[Round "03"]
[TimeControl "180+1"]
[Date "2022.07.05"]
[WhiteClock "0:00:10"]
[BlackClock "0:00:11"]

1. e4 c5 2. Nc3 Nc6 3. Nf3 Nd4 4. Nxd4 cxd4 5. Ne2 e5 6. c3 dxc3 7. Nxc3 Nf6 8. Bc4 Bc5 9. O-O O-O 10. d3 h6 11. h3 d6 12. Kh1 Be6 13. f4 Bxc4 14. dxc4 exf4 15. Bxf4 Re8 16. Qd3 Re6 17. a3 a5 18. Rad1 Qe8 19. Rfe1 a4 20. Re2 Qc6 21. e5 dxe5 22. Rxe5 Bf8 23. Nb5 Rxe5 24. Bxe5 Re8 25. Nd4 Qb6 26. Bxf6 Qxf6 27. Rf1 Qd6 28. Qf3 Qg6 29. Qxb7 Bc5 30. Nf5 Kh7 31. Qb5 Re5 32. Qd7 Qf6 33. Qd3 Qg6 34. Qf3 Qf6 35. Qd3 Qg6 36. Qf3 Qf6 37. g4 g6 38. Ng3 Qxf3+ 39. Rxf3 Kg7 40. Kg2 Bd4 41. b3 axb3 42. Rxb3 Rc5 43. Rb4 Bc3 44. Ra4 Re5 45. Kf3 Bd2 46. Ne4 Bc1 47. Ra7 Kf8 48. Nd6 f5 49. gxf5 gxf5 50. Rf7+ Kg8 51. Rxf5 Re6 52. Ne4 Bxa3 53. c5 Kg7 54. Rd5 Kg6 55. h4 Bc1 56. h5+ Kf7 57. Rd7+ Re7 58. Rd6 Re6 59. Rd7+ Re7 60. Rd5 Re6 61. Rd1 Ba3 62. Ra1 Bb2 63. Ra7+ Re7 64. Ra6 Re6 65. Nd6+ Kf6 66. Rb6 Bd4 67. Ne4+ Ke5 68. Rb5 Kd5 69. Ra5 Kc6 70. Ra6+ Kd5 71. Ra5 Kc6 72. Ra4 Kd5 73. Ra3 Rxe4 74. c6 Re7 75. c7 Rxc7 76. Ra6 Rc6 77. Rxc6 Kxc6 78. Kg2 Kd5 79. Kh1 Ke5 80. Kg2 Kf4 81. Kh1 Kg4 82. Kg2 Kh4 83. Kh1 Kh3 1/2-1/2


[Site "https://www.chess.com"]

[Event "Titled Tuesday Blitz July 05 Late 2022"]
[White "Kamsky, Gata"]
[Black "Matinian, Nikita"]
[WhiteFideId "2000024"]
[BlackFideId "24129100"]
[WhiteElo "2645"]
[BlackElo "2422"]
[Result "1/2-1/2"]
[Round "03"]
[TimeControl "180+1"]
[Date "2022.07.05"]
[WhiteClock "0:00:35"]
[BlackClock "0:00:23"]

1. e4 c5 2. Nf3 d6 3. d4 cxd4 4. Nxd4 Nf6 5. Nc3 g6 6. Be2 Bg7 7. O-O O-O 8. Be3 Nc6 9. Qd2 Ng4 10. Bxg4 Bxg4 11. Nxc6 bxc6 12. Bh6 Qb6 13. Bxg7 Kxg7 14. b3 Rad8 15. Rae1 e5 16. Kh1 f6 17. f4 Qd4 18. Qe3 Qxe3 19. Rxe3 d5 20. Na4 dxe4 21. Rxe4 Rd2 22. fxe5 fxe5 23. Kg1 Rxf1+ 24. Kxf1 Bf5 25. Rxe5 Rxc2 26. a3 Kf6 27. Ra5 Bd3+ 28. Kg1 Be4 29. g3 h5 30. Rxa7 Rg2+ 31. Kf1 Rxh2 32. Nc5 Bd5 33. a4 Kg5 34. a5 Kg4 35. Rg7 g5 36. a6 Kf3 37. Ke1 Ke3 38. Re7+ Kd4 39. b4 h4 40. gxh4 gxh4 41. a7 Ra2 42. Rh7 Ke3 43. Re7+ Kf4 44. Rh7 Kg3 45. Rg7+ Kf3 46. Rh7 Kg3 47. Rg7+ Kf3 48. Rh7 Kg3 1/2-1/2


[Site "https://www.chess.com"]

[Event "Titled Tuesday Blitz July 05 Late 2022"]
[White "Kanakaris, Georgios"]
[Black "Bobadilla Viera, Jorge Samuel"]
[WhiteFideId "4209460"]
[BlackFideId "3906353"]
[WhiteElo "2134"]
[BlackElo "2202"]
[Result "0-1"]
[Round "03"]
[TimeControl "180+1"]
[Date "2022.07.06"]
[WhiteClock "0:00:01"]
[BlackClock "0:00:45"]

1. e4 c5 2. Nf3 d6 3. b3 Nf6 4. e5 dxe5 5. Nxe5 g6 6. Bb2 Bg7 7. Bb5+ Nbd7 8. O-O O-O 9. Qf3 a6 10. Bc4 Nxe5 11. Bxe5 Bg4 12. Qxb7 a5 13. a4 h5 14. h3 Bf5 15. d3 Nd7 16. Bxg7 Kxg7 17. Re1 e6 18. Nc3 h4 19. Qf3 Qf6 20. Ne4 Qe7 21. Qf4 Bxe4 22. Rxe4 e5 23. Qd2 f5 24. Re2 Nf6 25. Rae1 e4 26. dxe4 Nxe4 27. Qe3 Qf6 28. Bd5 Rae8 29. Bxe4 fxe4 30. Rd1 Rf7 31. Qxc5 e3 32. f3 Re5 33. Qd4 Rfe7 34. f4 Re4 35. Qxf6+ Kxf6 36. Rd3 Kf5 37. Rd5+ Kxf4 38. Rxa5 Rd7 39. Kf1 Rd1+ 40. Re1 Rd2 41. Ra6 Rxc2 42. Rxg6 Kf5 43. Rg8 Rb2 44. a5 Rxb3 45. a6 Ra3 46. Ra8 Kf4 47. a7 Rea4 48. Kg1 Rxa7 49. Rf8+ Kg5 50. Rxe3 Rxe3 0-1


[Site "https://www.chess.com"]

[Event "Titled Tuesday Blitz July 05 Late 2022"]
[White "Keymer, Vincent"]
[Black "Mikhailov, Viacheslav"]
[WhiteFideId "12940690"]
[BlackFideId "4187369"]
[WhiteElo "2548"]
[BlackElo "2381"]
[Result "1-0"]
[Round "03"]
[TimeControl "180+1"]
[Date "2022.07.05"]
[WhiteClock "0:00:10"]
[BlackClock "0:00:01"]

1. Nf3 Nf6 2. c4 g6 3. Nc3 Bg7 4. g3 O-O 5. Bg2 c6 6. e4 d6 7. d4 Bg4 8. h3 Bxf3 9. Bxf3 Nbd7 10. Be3 Qc7 11. Rc1 Rfd8 12. O-O a6 13. a4 e5 14. d5 c5 15. b3 Nf8 16. Kg2 Qe7 17. Qd2 h5 18. Be2 h4 19. gxh4 N8h7 20. Rg1 Kh8 21. Kh2 Rg8 22. Rg2 Nh5 23. Bxh5 gxh5 24. Bg5 Bf6 25. Rcg1 Bxg5 26. hxg5 Nf8 27. Qe2 Kg7 28. Nd1 Ng6 29. Ne3 Kf8 30. Nf5 Qd8 31. Qxh5 Rh8 32. Qf3 b5 33. Rg4 bxc4 34. bxc4 Rb8 35. Nh6 Qd7 36. Qf6 Rh7 37. R1g3 Rb4 38. Rf3 Rg7 39. Nf5 Rh7 40. Nxd6 Qxg4 41. Qxf7+ Rxf7 42. Rxf7+ Kg8 43. hxg4 Rxa4 44. Rf6 Nf4 45. Rf5 Ra2 46. Rxe5 Nd3 47. Rf5 Kg7 48. Kg3 a5 49. e5 Re2 50. e6 a4 51. Rf3 Ne5 52. Ra3 Re1 53. Rxa4 Rg1+ 54. Kf4 Ng6+ 55. Ke3 Rxg4 56. Ra7+ Kg8 57. e7 Nxe7 58. Rxe7 1-0


[Site "https://www.chess.com"]

[Event "Titled Tuesday Blitz July 05 Late 2022"]
[White "Kopczynski, Michal"]
[Black "Dardha, Daniel"]
[WhiteFideId "1124200"]
[BlackFideId "240990"]
[WhiteElo "2235"]
[BlackElo "2482"]
[Result "0-1"]
[Round "03"]
[TimeControl "180+1"]
[Date "2022.07.06"]
[WhiteClock "0:00:14"]
[BlackClock "0:00:28"]

1. e4 c5 2. d4 cxd4 3. c3 Nf6 4. Bd3 dxc3 5. Nxc3 Nc6 6. f4 e5 7. Nf3 Bc5 8. Nxe5 O-O 9. Nxc6 dxc6 10. Qf3 Ng4 11. Nd1 Qh4+ 12. g3 Qh6 13. h3 Nf6 14. f5 Qh5 15. g4 Qh4+ 16. Kf1 Rd8 17. Bf4 h5 18. g5 Rxd3 19. Qxd3 Qxf4+ 20. Kg2 Qxg5+ 21. Qg3 Qxg3+ 22. Kxg3 Nxe4+ 23. Kf4 Nf6 24. Ne3 Bxe3+ 25. Kxe3 Bxf5 26. Rad1 Nd5+ 27. Kf3 Re8 28. Rhe1 Rxe1 29. Rxe1 Bxh3 30. Re8+ Kh7 31. Ra8 a6 32. Rb8 b5 33. Ra8 h4 34. Rxa6 Be6 35. Rxc6 g5 36. Rc5 g4+ 37. Kg2 Nf4+ 38. Kg1 g3 39. Rxb5 h3 40. a4 h2+ 41. Kh1 Bh3 42. Rg5 Bg2# 0-1


[Site "https://www.chess.com"]

[Event "Titled Tuesday Blitz July 05 Late 2022"]
[White "Kosteniuk, Alexandra"]
[Black "He, Anthony"]
[WhiteFideId "4128125"]
[BlackFideId "2088215"]
[WhiteElo "2469"]
[BlackElo "2409"]
[Result "0-1"]
[Round "03"]
[TimeControl "180+1"]
[Date "2022.07.05"]
[WhiteClock "0:00:17"]
[BlackClock "0:00:40"]

1. e4 d5 2. exd5 Qxd5 3. Nc3 Qd8 4. d4 Nf6 5. Nf3 c6 6. Bc4 Bf5 7. Ne5 e6 8. g4 Bg6 9. h4 Nbd7 10. Qe2 Bb4 11. Rh3 Qb6 12. h5 Be4 13. g5 Qxd4 14. Nxd7 Nxd7 15. Bd2 Bxc2 16. a3 Bf5 17. Re3 Bc5 18. O-O-O O-O-O 19. Ne4 Ne5 20. Nxc5 Nxc4 21. Rc3 Nxd2 22. Rxd2 Qh4 23. Rg3 Rxd2 24. Qxd2 Rd8 25. Qc3 Qh1+ 0-1


[Site "https://www.chess.com"]

[Event "Titled Tuesday Blitz July 05 Late 2022"]
[White "Kozionov, Kirill"]
[Black "Karas, Marek"]
[WhiteFideId "24101729"]
[BlackFideId "14928558"]
[WhiteElo "2426"]
[BlackElo "2250"]
[Result "1-0"]
[Round "03"]
[TimeControl "180+1"]
[Date "2022.07.06"]
[WhiteClock "0:00:06"]
[BlackClock "0:00:02"]

1. b3 d5 2. Bb2 Bg4 3. f3 Bf5 4. e3 e6 5. Nc3 Nf6 6. Qe2 Bg6 7. O-O-O Be7 8. Qb5+ Nbd7 9. Qxb7 O-O 10. Nh3 c5 11. Nf4 d4 12. Nxg6 hxg6 13. Nb5 Qa5 14. Na3 c4 15. Qb5 Qxb5 16. Nxb5 cxb3 17. axb3 dxe3 18. dxe3 a5 19. Nc3 Rfc8 20. e4 Nb6 21. Bb5 Ne8 22. Na4 Rab8 23. Nxb6 Rxb6 24. Bd7 Ra8 25. Rd3 Nc7 26. Rhd1 Na6 27. Bd4 Rd6 28. Be3 Rxd3 29. Rxd3 Nb4 30. Rd2 Bf6 31. Ba4 Na2+ 32. Kd1 Nc3+ 33. Ke1 Nxa4 34. bxa4 Bc3 35. Ke2 Bxd2 36. Bxd2 Kf8 37. Kd3 Rc8 38. Bxa5 Ke8 39. Bb4 Kd7 40. a5 Kc6 41. c3 Kb5 42. Ke3 Rd8 43. e5 Rd1 44. h3 Re1+ 45. Kf4 Rg1 46. g3 Rh1 47. h4 Rd1 48. Bf8 Kxa5 49. Bxg7 Rd3 50. g4 Rxc3 51. h5 gxh5 52. gxh5 Rc2 53. h6 Rh2 54. Kg5 Kb5 55. Kf6 Kc5 56. Kxf7 Kd5 57. Kg8 Rxh6 58. Bxh6 Kxe5 59. Be3 Kf5 60. Kf7 e5 61. Ke7 e4 62. f4 Kg4 63. Ke6 Kf3 64. Bc1 e3 65. Bxe3 Ke4 66. f5 1-0


[Site "https://www.chess.com"]

[Event "Titled Tuesday Blitz July 05 Late 2022"]
[White "Lashkin, Jegor"]
[Black "Leiva, Gianmarco"]
[WhiteFideId "13907808"]
[BlackFideId "3804399"]
[WhiteElo "2368"]
[BlackElo "2323"]
[Result "1-0"]
[Round "03"]
[TimeControl "180+1"]
[Date "2022.07.05"]
[WhiteClock "0:00:07"]
[BlackClock "0:00:16"]

1. d4 Nf6 2. c4 e6 3. Nf3 d5 4. Nc3 a6 5. c5 b6 6. cxb6 c5 7. Bf4 Bd6 8. Bxd6 Qxd6 9. dxc5 Qxc5 10. Qd4 Qd6 11. e3 O-O 12. Be2 Nc6 13. Qd2 Rb8 14. O-O Qb4 15. Rac1 Bd7 16. b3 Qxb6 17. Na4 Qa7 18. Nc5 Rb6 19. Rfd1 Rd8 20. Nxd7 Qxd7 21. Nd4 Ne5 22. Qa5 Rdb8 23. Rc2 Ne4 24. Rdc1 h6 25. Rc7 Qd6 26. h3 h5 27. Qe1 h4 28. Bf3 Ng5 29. Be2 Ne4 30. R1c2 a5 31. Qxa5 Nf6 32. Qe1 Ne4 33. Qc1 Kh7 34. Rc8 Ng6 35. Rxb8 Rxb8 36. Bd3 Ra8 37. Bxe4 dxe4 38. Rc6 Qd5 39. a4 Ne5 40. Rc5 Qd7 41. Rxe5 Rc8 42. Qd1 Rd8 43. Rxe4 f6 44. Rxh4+ Kg8 45. Qh5 e5 46. Qh8+ Kf7 47. Qh5+ Kg8 48. Nf5 Qd1+ 49. Kh2 Qxh5 50. Rxh5 Rb8 51. Rh4 Rxb3 52. Rg4 Kf7 53. Nxg7 f5 54. Nxf5 Kf6 55. Ng3 e4 56. Nxe4+ Kf5 57. Ng3+ Kf6 58. Rf4+ Kg5 59. Ne4+ Kh5 60. Nf6+ Kg6 61. Ng4 Kh5 62. Rd4 Ra3 63. Rd5+ Kg6 64. a5 Ra1 65. Rb5 Kf7 66. Ne5+ Kf6 67. Nd3 Kg6 68. Nc5 Kh5 69. Nd7+ Kh6 70. Nb8 Kg6 71. a6 Kh6 72. Rb7 Kh5 73. a7 Kh4 74. Nd7 Kg5 75. Nb6 Kh4 76. a8=Q 1-0


[Site "https://www.chess.com"]

[Event "Titled Tuesday Blitz July 05 Late 2022"]
[White "Leve, Nitai"]
[Black "Shimanov, Aleksandr"]
[WhiteFideId "2006898"]
[BlackFideId "4198603"]
[WhiteElo "2144"]
[BlackElo "2605"]
[Result "0-1"]
[Round "03"]
[TimeControl "180+1"]
[Date "2022.07.05"]
[WhiteClock "0:00:02"]
[BlackClock "0:01:37"]

1. e4 e6 2. d4 d5 3. e5 c5 4. c3 Qa5 5. dxc5 Qc7 6. Nf3 Bxc5 7. Bd3 Nc6 8. Qe2 Nge7 9. O-O Ng6 10. Re1 O-O 11. b4 Bb6 12. b5 Na5 13. h4 f6 14. Qc2 Nxe5 15. Bxh7+ Kh8 16. Be3 Nxf3+ 17. gxf3 Bxe3 18. Rxe3 Nc4 19. Qg6 Qf4 20. Re1 Ne5 21. Qh5 Nxf3+ 22. Kf1 Nxe1 23. Bg6+ Qh6 24. Kxe1 Qxh5 25. Bxh5 e5 26. Nd2 Be6 27. Ke2 Rac8 28. Kd3 Rfd8 29. Rg1 d4 30. c4 Bf5+ 31. Ke2 e4 32. Bg4 Bxg4+ 33. Rxg4 f5 34. Rg5 Rc5 35. Nxe4 Re5 36. Kd3 fxe4+ 0-1


[Site "https://www.chess.com"]

[Event "Titled Tuesday Blitz July 05 Late 2022"]
[White "Livaic, Leon"]
[Black "Boder, Jan"]
[WhiteFideId "14531534"]
[BlackFideId "16243226"]
[WhiteElo "2540"]
[BlackElo "2064"]
[Result "1-0"]
[Round "03"]
[TimeControl "180+1"]
[Date "2022.07.05"]
[WhiteClock "0:00:41"]
[BlackClock "0:00:05"]

1. e4 e5 2. f4 exf4 3. Nf3 g5 4. Nc3 Bg7 5. d4 d6 6. g3 g4 7. Nh4 f3 8. Be3 Ne7 9. Qd2 Nbc6 10. h3 h5 11. O-O-O Bd7 12. Bc4 a6 13. Bg5 b5 14. Bb3 f6 15. Bf4 Na5 16. Qe3 Nxb3+ 17. axb3 b4 18. Nd5 Kf7 19. Qd3 c6 20. Ne3 Be6 21. hxg4 hxg4 22. Nhf5 Bxf5 23. exf5 Qa5 24. Kb1 d5 25. Nxg4 Qb5 26. Qxf3 a5 27. Bd6 Nc8 28. Bc5 a4 29. Rxh8 Bxh8 30. Nh6+ Ke8 31. Qh5+ Kd7 32. Qf7+ Kd8 33. Re1 1-0


[Site "https://www.chess.com"]

[Event "Titled Tuesday Blitz July 05 Late 2022"]
[White "Lobanov, Sergei"]
[Black "Zajic, Milan"]
[WhiteFideId "24183750"]
[BlackFideId "912336"]
[WhiteElo "2524"]
[BlackElo "2445"]
[Result "0-1"]
[Round "03"]
[TimeControl "180+1"]
[Date "2022.07.05"]
[WhiteClock "0:00:03"]
[BlackClock "0:00:11"]

1. e4 c5 2. Nf3 Nc6 3. Bb5 g6 4. Bxc6 dxc6 5. h3 e5 6. d3 f6 7. a4 a5 8. O-O Nh6 9. Nh2 Bg7 10. Nc3 O-O 11. f4 exf4 12. Bxf4 f5 13. Qd2 Nf7 14. Nf3 c4 15. d4 fxe4 16. Nxe4 Bf5 17. Ng3 Be6 18. c3 Bd5 19. Nh2 Kh8 20. Rf2 Qd7 21. Raf1 b5 22. axb5 cxb5 23. Ng4 b4 24. cxb4 axb4 25. Ne5 Qb7 26. h4 Rac8 27. h5 c3 28. bxc3 bxc3 29. Qc1 Nxe5 30. dxe5 Kg8 31. h6 Bh8 32. Ne2 Bc4 33. Qc2 Qb3 34. Qe4 Bd5 35. Qe3 c2 36. Qxb3 Bxb3 37. Nd4 Rxf4 38. Nxb3 Rxf2 39. Kxf2 Bxe5 40. Ke2 Bb2 41. Kd2 Rc3 42. Nc1 Rc8 43. Kd3 Bxc1 44. Rxc1 Kf7 45. g4 Kf6 46. Kd2 Kg5 0-1


[Site "https://www.chess.com"]

[Event "Titled Tuesday Blitz July 05 Late 2022"]
[White "Maghsoodloo, Parham"]
[Black "Tanenbaum, Zachary"]
[WhiteFideId "12539929"]
[BlackFideId "2060850"]
[WhiteElo "2607"]
[BlackElo "2175"]
[Result "1-0"]
[Round "03"]
[TimeControl "180+1"]
[Date "2022.07.05"]
[WhiteClock "0:01:31"]
[BlackClock "0:01:27"]

1. e4 e5 2. Nf3 Nc6 3. Bb5 a6 4. Ba4 d6 5. O-O Nf6 6. Re1 Be7 7. c3 O-O 8. h3 b5 9. Bc2 Nb8 10. d4 Nbd7 11. Nbd2 Bb7 12. Nf1 Re8 13. Ng3 Bf8 14. a4 g6 15. Bg5 Bg7 16. Qd2 Qe7 17. b4 Qf8 18. axb5 axb5 19. Rxa8 Bxa8 20. Bd3 c6 21. Ra1 Bb7 22. Ra7 Rb8 23. Qa2 Qd8 24. c4 exd4 25. cxb5 c5 26. bxc5 Nxc5 27. Bc4 d5 28. exd5 Bxd5 29. Bxf6 Bxc4 30. Qxc4 Qxf6 31. Qxc5 d3 32. Rd7 Rd8 33. Rxd8+ Qxd8 34. b6 d2 35. Nxd2 Qxd2 36. Qc8+ Bf8 37. b7 1-0


[Site "https://www.chess.com"]

[Event "Titled Tuesday Blitz July 05 Late 2022"]
[White "Maksimovic, Bojan"]
[Black "Koc, Przemyslaw"]
[WhiteFideId "14408120"]
[BlackFideId "1109081"]
[WhiteElo "2453"]
[BlackElo "2134"]
[Result "1-0"]
[Round "03"]
[TimeControl "180+1"]
[Date "2022.07.06"]
[WhiteClock "0:00:09"]
[BlackClock "0:00:14"]

1. c4 f5 2. Nc3 Nf6 3. g3 g6 4. Bg2 Bg7 5. h4 O-O 6. d4 d6 7. Bg5 h6 8. Bxf6 Bxf6 9. e4 Nc6 10. Nge2 e5 11. dxe5 dxe5 12. Qxd8 Bxd8 13. exf5 gxf5 14. Bxc6 bxc6 15. f4 e4 16. Nd4 Bf6 17. O-O-O Bxd4 18. Rxd4 Be6 19. b3 h5 20. Rhd1 Kf7 21. Kb2 Rg8 22. Ne2 c5 23. R4d2 Ke7 24. Kc3 a5 25. a3 Rab8 26. a4 Rb6 27. Rb2 Rd6 28. Rxd6 cxd6 29. Rb1 Rb8 30. Kc2 d5 31. cxd5 Bxd5 32. Nc3 Bc6 33. Nd1 Rg8 34. Ne3 Ke6 35. Rd1 Rxg3 36. Rd6+ Kxd6 37. Nxf5+ Kd5 38. Nxg3 Kd4 39. Nf5+ Kd5 40. Kc3 Be8 41. Ne3+ Kc6 42. Nc4 Bg6 43. Kd2 Kd5 44. Ke3 Bf5 45. Nxa5 Bg4 46. Nc4 Bd1 47. Nd2 Bc2 48. a5 Bd3 49. Nc4 Kc6 50. f5 Kd5 51. a6 Kc6 52. f6 1-0


[Site "https://www.chess.com"]

[Event "Titled Tuesday Blitz July 05 Late 2022"]
[White "Manukyan, Sargis A."]
[Black "Salem, A.R. Saleh"]
[WhiteFideId "13303970"]
[BlackFideId "9301348"]
[WhiteElo "2187"]
[BlackElo "2679"]
[Result "0-1"]
[Round "03"]
[TimeControl "180+1"]
[Date "2022.07.05"]
[WhiteClock "0:00:10"]
[BlackClock "0:01:29"]

1. Nf3 c5 2. c4 Nf6 3. Nc3 d5 4. cxd5 Nxd5 5. g3 Nc6 6. Bg2 g6 7. O-O Bg7 8. Ng5 e6 9. d3 O-O 10. Nge4 b6 11. Bg5 f6 12. Bd2 h6 13. a3 Nde7 14. f4 f5 15. Nf2 Qd7 16. b4 Rb8 17. bxc5 bxc5 18. Rc1 c4 19. dxc4 Rd8 20. Be3 Nd4 21. Nb5 Nec6 22. Nd3 Qe7 23. Nxd4 Nxd4 24. c5 Ba6 25. c6 Nxe2+ 26. Qxe2 Bxd3 27. Qf2 Bxf1 28. c7 Bxg2 29. cxd8=Q+ Qxd8 30. Qxg2 Rb2 31. Qc6 Kh7 32. Qxe6 Re2 33. Kf1 Qd3 34. Qc4 Rxe3+ 35. Qxd3 Rxd3 36. Rc7 Rxa3 0-1


[Site "https://www.chess.com"]

[Event "Titled Tuesday Blitz July 05 Late 2022"]
[White "Martinez Alcantara, Jose Eduardo"]
[Black "Raja Rithvik R"]
[WhiteFideId "3805662"]
[BlackFideId "35007394"]
[WhiteElo "2703"]
[BlackElo "2255"]
[Result "1-0"]
[Round "03"]
[TimeControl "180+1"]
[Date "2022.07.05"]
[WhiteClock "0:00:41"]
[BlackClock "0:00:07"]

1. e4 e5 2. Nf3 Nc6 3. Bb5 a6 4. Ba4 Nf6 5. d3 b5 6. Bb3 Be7 7. Nc3 O-O 8. a3 d6 9. O-O Bg4 10. Be3 Nd4 11. Bxd4 exd4 12. Nd5 c5 13. h3 Bxf3 14. Nxf6+ Bxf6 15. Qxf3 Be5 16. Qg4 Qc8 17. Qe2 Qc7 18. f4 Bf6 19. Bd5 Rac8 20. b3 Kh8 21. a4 b4 22. a5 Rce8 23. Bc4 Qc6 24. Qf2 g6 25. h4 Qc8 26. g3 h5 27. Qf3 Kg7 28. Kg2 Re7 29. Rae1 Qg4 30. Kh2 Qxf3 31. Rxf3 Rd8 32. Ref1 Rf8 33. Kh3 Kh6 34. Rg1 Kg7 35. Rg2 Ra8 36. Rf1 Rh8 37. Kh2 Rf8 38. Rgf2 Rfe8 39. f5 g5 40. hxg5 Bxg5 41. f6+ 1-0


[Site "https://www.chess.com"]

[Event "Titled Tuesday Blitz July 05 Late 2022"]
[White "Meshkovs, Nikita"]
[Black "Xiong, Jeffery"]
[WhiteFideId "11602740"]
[BlackFideId "2047640"]
[WhiteElo "2506"]
[BlackElo "2714"]
[Result "0-1"]
[Round "03"]
[TimeControl "180+1"]
[Date "2022.07.05"]
[WhiteClock "0:00:01"]
[BlackClock "0:00:02"]

1. c4 e6 2. d4 d5 3. Nf3 dxc4 4. g3 c5 5. Qa4+ Bd7 6. Qxc4 Bc6 7. dxc5 Nd7 8. Bg2 Bd5 9. Qa4 Bxc5 10. Nc3 Bc6 11. Qc2 Ngf6 12. O-O O-O 13. Bf4 Rc8 14. Rad1 Qe7 15. Ne5 Bxg2 16. Kxg2 Nb6 17. Bg5 h6 18. Bxf6 Qxf6 19. Nd7 Nxd7 20. Rxd7 Bd4 21. Rxb7 Bxc3 22. bxc3 Rxc3 23. Qd2 Ra3 24. Qb2 Qxb2 25. Rxb2 Rc8 26. Rd1 Rc5 27. Rd7 Rf5 28. e4 Rf6 29. f4 g5 30. e5 Rf5 31. Rd4 gxf4 32. gxf4 Kg7 33. Rf2 Kg6 34. Rd8 Rh5 35. Rg8+ Kh7 36. Ra8 Kg7 37. Rb8 Rhh3 38. Rb7 Rhc3 39. Rb4 Kg6 40. Rb8 Rc4 41. Rg8+ Kh7 42. Rg3 Raa4 43. f5 exf5 44. Rxf5 Rxa2+ 45. Kh3 Rc7 46. Rgf3 Kg7 47. Rg3+ Kf8 48. e6 Ra6 49. exf7 Rxf7 50. Rc5 Rf4 51. Rc7 Rf7 52. Rc8+ Ke7 53. Re3+ Kd7 54. Ra8 Kc7 55. Rh8 Kb7 56. Rb3+ Kc7 57. Rc3+ Kd7 58. Rd3+ Ke7 59. Re3+ Kd7 60. Rd3+ Kc7 61. Rc3+ Kb7 62. Rb3+ Rb6 63. Rxb6+ Kxb6 64. Rxh6+ Kb5 65. Rh8 a5 66. Rb8+ Ka6 67. Kg4 Rg7+ 68. Kf4 Rh7 69. Kg3 a4 70. h4 Ka5 71. Kg4 a3 72. Ra8+ Kb4 73. h5 Kb3 74. Kg5 Rb7 75. h6 a2 0-1


[Site "https://www.chess.com"]

[Event "Titled Tuesday Blitz July 05 Late 2022"]
[White "Mickiewicz, Piotr"]
[Black "Nguyen, Quoc Hy"]
[WhiteFideId "1114891"]
[BlackFideId "12410853"]
[WhiteElo "2209"]
[BlackElo "1938"]
[Result "0-1"]
[Round "03"]
[TimeControl "180+1"]
[Date "2022.07.06"]
[WhiteClock "0:00:07"]
[BlackClock "0:00:18"]

1. e4 c5 2. Nf3 Nc6 3. d4 cxd4 4. Nxd4 Nf6 5. Nc3 e5 6. Nde2 d6 7. h3 Be7 8. Be3 O-O 9. g4 a6 10. Ng3 Be6 11. g5 Nd7 12. h4 b5 13. Nd5 Rc8 14. c3 Nc5 15. Bg2 Na4 16. Qe2 Na5 17. Nf5 Bxd5 18. exd5 Re8 19. Be4 Nc4 20. Bc1 Nc5 21. Bc2 e4 22. Kf1 Bf8 23. Rg1 Qd7 24. Qg4 Ne5 25. Qh3 Nf3 26. Rg3 Re5 27. Rxf3 exf3 28. b4 Ne4 29. Bxe4 Rxe4 30. Nh6+ gxh6 31. Qxd7 Rxh4 32. Kg1 Rcc4 33. gxh6 Rcg4+ 34. Qxg4+ Rxg4+ 35. Kf1 Rh4 36. Kg1 Bxh6 37. Bxh6 Rxh6 38. a4 Rh5 39. axb5 axb5 40. Rd1 Rg5+ 41. Kf1 h5 42. Rd4 Kf8 43. Rf4 Rxd5 44. Rxf3 Ke7 45. Rf4 Rd1+ 46. Ke2 Rc1 47. Kd2 Rb1 48. Kc2 Rf1 49. c4 bxc4 50. b5 d5 51. Rf5 Ke6 52. b6 Rg1 53. b7 Rg8 54. Rxh5 Rb8 55. Rh6+ f6 56. Kc3 Rxb7 57. Kd4 Rb3 58. Rh8 Rd3+ 59. Kc5 c3 60. Re8+ Kf5 61. Re1 c2 62. Rc1 Rd2 63. Kb4 d4 64. Kb3 d3 0-1


[Site "https://www.chess.com"]

[Event "Titled Tuesday Blitz July 05 Late 2022"]
[White "Munoz, Francisco Javier"]
[Black "Djokic, Mihailo"]
[WhiteFideId "128368"]
[BlackFideId "976440"]
[WhiteElo "2383"]
[BlackElo "2246"]
[Result "1-0"]
[Round "03"]
[TimeControl "180+1"]
[Date "2022.07.06"]
[WhiteClock "0:00:08"]
[BlackClock "0:00:01"]

1. e4 c5 2. Nc3 Nc6 3. Bb5 Nd4 4. Nf3 a6 5. Bc4 b5 6. Bd5 Ra7 7. Nxd4 cxd4 8. Ne2 e6 9. Bb3 Bc5 10. d3 Ne7 11. c3 Nc6 12. O-O O-O 13. Kh1 d5 14. exd5 exd5 15. Nf4 dxc3 16. bxc3 d4 17. c4 b4 18. a3 bxa3 19. Bxa3 Bxa3 20. Rxa3 Qd6 21. Qc1 Ne5 22. Ra5 Bb7 23. Re1 Ng4 24. Rg5 Nxf2+ 25. Kg1 h6 26. Rg3 Qb4 27. Kxf2 g5 28. Bd1 Qd6 29. Nh3 f6 30. Bf3 Bc8 31. Ng1 f5 32. Bd5+ Kh7 33. Rf3 Rg7 34. Kf1 Qxh2 35. Rf2 f4 36. Be4+ Kh8 37. Nf3 Qh1+ 38. Ke2 Qh5 39. Rh1 Qg4 40. Rxh6+ Kg8 41. Qh1 Be6 42. Kd2 Rff7 43. Rh8# 1-0


[Site "https://www.chess.com"]

[Event "Titled Tuesday Blitz July 05 Late 2022"]
[White "Oparin, Grigoriy"]
[Black "Halkias, Stelios"]
[WhiteFideId "24125890"]
[BlackFideId "4201809"]
[WhiteElo "2639"]
[BlackElo "2453"]
[Result "1-0"]
[Round "03"]
[TimeControl "180+1"]
[Date "2022.07.05"]
[WhiteClock "0:00:47"]
[BlackClock "0:00:10"]

1. d4 Nf6 2. c4 g6 3. g3 Bg7 4. Bg2 d6 5. Nf3 O-O 6. Nc3 Nbd7 7. O-O Re8 8. e4 e5 9. Qc2 exd4 10. Nxd4 Nc5 11. Rd1 Ne6 12. Nxe6 Bxe6 13. c5 Qe7 14. cxd6 cxd6 15. Bf4 Rad8 16. Nb5 d5 17. Nc7 Rc8 18. exd5 Bf5 19. Qb3 Nh5 20. d6 Qd7 21. Be3 Bg4 22. Rd2 Be5 23. Qxb7 Rb8 24. Qxa7 Red8 25. Re1 Bh3 26. Nd5 Bxg2 27. Kxg2 Qe6 28. Ne7+ Kh8 29. Nc6 Rxd6 1-0


[Site "https://www.chess.com"]